 Dungeon Crawl Stone Soup version bcrawl-1.19.1 (webtiles) character file.

Game seed: 10730297476238654928

5012 JackS81 the Fighter (level 10, -18/97 HPs)
             Began as a Hill Orc Archaeologist on Dec 3, 2019.
             Killed from afar by Harold (39 damage)
             ... with a bolt of fire
             ... on level 8 of the Dungeon.
             The game lasted 00:30:54 (7998 turns).

JackS81 the Fighter (Hill Orc Archaeologist)        Turns: 7998, Time: 00:30:55

Health: -18/97     AC:  7    Str: 25    XL:     10   Next: 54%
Magic:  20/20      EV: 13    Int: 19    God:
Gold:   364        SH:  5    Dex: 12    Spells: 11/11 levels left

rFire    . . .     SeeInvis .   f - +7 lajatang of Order {silver, rMut}
rCold    + . .     Gourm    .   (shield currently unavailable)
rNeg     . . .     Faith    .   v - +2 robe "Bugigh" {MR+ rCorr Str+5}
rPois    .         Spirit   .   c - +1 hat
rElec    +         Reflect  +   (no cloak)
rCorr    +         Harm     .   (no gloves)
rMut     +         Rnd*Rage +   d - +1 pair of boots
MR       ++...                  G - +5 amulet of reflection
Stlth    +++.......             C - ring of Casmem {rC+ MR+ Str+5 Stlth+}
HPRegen  0.26/turn              D - ring of magical power
MPRegen  0.17/turn

@: brilliant, lethally poisoned (-18 -> -25)
A: berserk 1, electricity resistance
a: no special abilities


You were on level 8 of the Dungeon.
You were hungry.

You visited 2 branches of the dungeon, and saw 9 of its levels.

You collected 364 gold pieces.

Inventory:

Hand Weapons
 a - a +0 whip
 f - the +7 lajatang of Order (weapon) {silver, rMut}

   It protects you from mutation.
 h - a +1 falchion of electrocution
 q - a +0 hunting sling
 r - a +2 short sword of draining
Missiles
 n - 1738 stones
 t - 436 sling bullets
 y - 33 tomahawks (quivered)
Armour
 b - a +1 robe
 c - a +1 hat (worn)
 d - a +1 pair of boots (worn)
 e - a +2 ring mail of cold resistance
 v - the +2 robe "Bugigh" (worn) {MR+ rCorr Str+5}
   (You found it on level 7 of the Dungeon)

   It affects your strength (+5).
   It affects your resistance to hostile enchantments.
   It provides partial protection from all sources of acid and corrosion.
Jewellery
 C - the ring of Casmem (left hand) {rC+ MR+ Str+5 Stlth+}
   (You found it on level 7 of the Dungeon)

   [ring of strength]

   It affects your strength (+5).
   It protects you from cold.
   It affects your resistance to hostile enchantments.
   It makes you more stealthy.
 D - a ring of magical power (right hand)
 G - a +5 amulet of reflection (around neck)
 I - an uncursed ring of poison resistance {unknown}
Wands
 o - a wand of disintegration (6)
 B - a wand of flame (25)
 E - a wand of acid (1)
Scrolls
 i - 8 scrolls of identify {unknown}
 k - 4 scrolls of remove curse
 l - 3 scrolls of magic mapping {unknown}
 m - 4 scrolls of enchant weapon {unknown}
 p - a scroll of immolation {unknown}
 u - 2 scrolls of enchant armour {unknown}
 w - 2 scrolls of noise {unknown}
 x - a scroll of brand weapon {unknown}
 z - a scroll of fear {unknown}
 F - a scroll of teleportation {unknown}
Potions
 j - 3 potions of flight
 A - 6 potions of curing
 J - a potion of magic
Comestibles
 g - 6 rations {!d}


   Skills:
 * Level 11.9 Fighting
   Level 11.9 Short Blades
   Level 11.9 Long Blades
   Level 11.9 Axes
   Level 11.9 Maces & Flails
   Level 11.9 Polearms
   Level 11.9 Staves
 * Level 7.0 Armour
 - Level 3.0 Dodging
 - Level 2.6 Stealth
   Level 11.9 Unarmed Combat
 - Level 1.0 Spellcasting


You had 11 spell levels left.
You didn't know any spells.
Your spell library contained the following spells:

 Spells                   Type           Power        Failure   Level  Hunger
 Apportation              Tloc           ##....       2%          1    ##.....
 Flame Tongue             Conj/Fire      ##...        2%          1    ##.....
 Infusion                 Chrm           ##......     2%          1    ##.....
 Sandblast                Erth           ##....       2%          1    ##.....
 Slow                     Hex            ##......     2%          1    ##.....
 Summon Butterflies       Summ           ##......     2%          1    ##.....
 Summon Small Mammal      Summ           ##..         2%          1    ##.....
 Call Imp                 Summ           ##....       3%          2    ###....
 Flaming Arrows           Chrm/Fire      ##......     3%          2    ###....
 Call Canine Familiar     Summ           ##......     7%          3    ####...
 Confuse                  Hex            ##......     7%          3    ####...
 Conjure Flame            Conj/Fire      ##......     7%          3    ####...
 Dazzling Spray           Conj/Hex       ##....       7%          3    ####...
 Inner Flame              Hex/Fire       N/A          7%          3    ####...
 Petrify                  Tmut/Erth      ##......     19%         4    #####..
 Sticky Flame             Conj/Fire      ##......     19%         4    #####..
 Summon Ice Beast         Ice/Summ       ##......     19%         4    #####..
 Yara's Violent Unravell  Hex/Tmut       ##........   19%         4    #####..
 Fireball                 Conj/Fire      ##........   43%         5    ######.
 Metabolic Englaciation   Hex/Ice        ##........   43%         5    ######.
 Summon Lightning Spire   Summ/Air       ##......     43%         5    ######.
 Mana Rupture             Conj/Hex       ##........   100%        7    #######


Dungeon Overview and Level Annotations

Branches:
Dungeon (8/12)             Temple (1/1) D:6            Lair (0/6) D:7
    Orc: D:8-11

Altars:
Ashenzari
Cheibriados
Dithmenos
Elyvilon
Lugonu
Nemelex Xobeh
Okawaru
Qazlal
Ru
Trog
Uskayaw
Wu Jian
Xom
Zin
The Shining One

Shops:
D:7 (%

Annotations:
D:8 Harold


Innate Abilities, Weirdness & Mutations

You tend to lose your temper in combat.
You are resistant to electric shocks. (rElec)


Message History

The bolt of fire misses you. Harold blocks your attack.
Harold is heavily wounded.
You feel sick.
You slash Harold!
Harold is severely wounded.
You feel sick.
Harold points at you and mumbles some strange words.
The bolt of fire hits you!
* * * LOW HITPOINT WARNING * * *
You barely miss Harold.
Harold is severely wounded.
Harold hits you with a +1 trident of venom.
* * * LOW HITPOINT WARNING * * *
You barely miss Harold.
Harold is severely wounded.
You feel sick. Harold gestures at you while chanting.
The bolt of fire hits you!
You die...

......#.###.### ##.
.###.##.# #...#. #..
.##...#.#####.#. #.#
....#......##.#. #.#
###)..#.#..##.#. #.#
##)####+###.#. #.#
####.## #.#. #.#
..>...# #.#.##.###
####.## #.#@@.#..# #)#
#.####.#.# ####.## #.#
#.#.# ......# ####.#
#.#.#
##########..#.####.#.#
#...........>....#
####.####..#.#.##.###
#.......#..#.#.##.#
#.......#.........#


You could see Harold.

Vanquished Creatures
  An unseen horror (D:8)
  A troll (D:7)
  Prince Ribbit (D:6)
  Sigmund (D:2)
  2 hungry ghosts (D:6)
  Menkaure (D:5)
  Duvessa (D:4)
  2 water moccasins
  An orc warrior (D:6)
  5 ogres
  2 wolves (D:7)
  2 centaurs
  2 bullfrogs
  Blork the orc (D:6)
  Dowan (D:4)
  15 killer bees
  3 electric eels (D:7)
  5 crimson imps
  10 hounds
  A jelly (D:7)
  A quasit (D:6)
  An orc priest (D:8)
  2 centaur skeletons
  14 orc wizards
  2 worker ants
  A hound skeleton (D:5)
  2 worker ant zombies
  A howler monkey zombie (D:7)
  7 gnolls
  A howler monkey skeleton (D:4)
  5 adders
  An ooze (D:3)
  2 adder zombies
  An adder skeleton (D:4)
  2 worms (D:3)
  3 dart slugs
  32 orcs
  A ball python (D:1)
  2 giant cockroaches
  2 goblins (D:1)
  8 hobgoblins
  11 jackals
  4 kobolds
  3 quokkas
  2 bats (D:1)
  5 frilled lizards
  5 rats
179 creatures vanquished.

Vanquished Creatures (others)
  An adder (D:4)
1 creature vanquished.

Grand Total: 180 creatures vanquished

Notes
Turn   | Place    | Note
-------+----------+-------------------------------------------
     0 | D:1      | JackS81 the Hill Orc Archaeologist began the quest for the
                  | Orb.
     0 | D:1      | Reached XP level 1. HP: 15/15 MP: 1/1
    15 | D:1      | Reached skill level 1 in Fighting
   145 | D:1      | Reached XP level 2. HP: 22/23 MP: 2/2
   765 | D:1      | Reached skill level 2 in Fighting
  1071 | D:1      | Reached XP level 3. HP: 28/30 MP: 3/3
  1139 | D:2      | Noticed Sigmund
  1202 | D:2      | Killed Sigmund
  1202 | D:2      | Reached skill level 6 in Fighting
  1202 | D:2      | Reached XP level 4. HP: 8/44 MP: 4/4
  1202 | D:2      | Reached XP level 5. HP: 10/50 MP: 5/5
  1505 | D:2      | Found a snail-covered altar of Cheibriados.
  1555 | D:2      | Reached XP level 6. HP: 58/58 MP: 6/6
  1905 | D:3      | Found a white marble altar of Elyvilon.
  2182 | D:3      | Reached skill level 1 in Spellcasting
  2456 | D:4      | Noticed a water moccasin
  2473 | D:4      | Killed a water moccasin
  2473 | D:4      | Reached skill level 7 in Fighting
  2473 | D:4      | Reached skill level 1 in Armour
  2473 | D:4      | Reached XP level 7. HP: 9/66 MP: 8/8
  2886 | D:4      | Noticed Duvessa
  2887 | D:4      | Noticed Dowan
  2892 | D:4      | Gained mutation: You tend to lose your temper in combat.
                  | [potion of mutation]
  2892 | D:4      | Gained mutation: You are resistant to electric shocks.
                  | (rElec) [potion of mutation]
  2894 | D:4      | Killed Duvessa
  2900 | D:4      | Killed Dowan
  2925 | D:4      | Reached XP level 8. HP: 69/74 MP: 9/9
  2953 | D:4      | Reached skill level 8 in Fighting
  3675 | D:5      | Entered Level 5 of the Dungeon
  3881 | D:5      | Reached skill level 9 in Fighting
  4006 | D:5      | Reached XP level 9. HP: 84/84 MP: 10/10
  4233 | D:5      | Noticed Menkaure
  4252 | D:5      | Killed Menkaure
  4465 | D:6      | Found a staircase to the Ecumenical Temple.
  4491 | Temple   | Entered the Ecumenical Temple
  4610 | D:6      | Reached skill level 10 in Fighting
  4693 | D:6      | Noticed Blork the orc
  4724 | D:6      | Killed Blork the orc
  4962 | D:6      | Noticed Prince Ribbit
  4968 | D:6      | Killed Prince Ribbit
  5121 | D:6      | Reached skill level 5 in Armour
  5476 | D:7      | Reached skill level 11 in Fighting
  5580 | D:7      | Reached XP level 10. HP: 84/95 MP: 11/11
  5612 | D:7      | Found a staircase to the Lair.
  5642 | D:7      | Found an iron altar of Okawaru.
  5648 | D:7      | Got a wizard robe
  5666 | D:7      | Identified the +2 robe "Bugigh" {MR+ rCorr Str+5} (You
                  | found it on level 7 of the Dungeon)
  6174 | D:7      | Found Foxui's Food Shop.
  6217 | D:7      | Got a scorched golden ring
  6237 | D:7      | Identified the ring of Casmem {rC+ MR+ Str+5 Stlth+} (You
                  | found it on level 7 of the Dungeon)
  6485 | D:7      | Found Ugufuuth's Weapon Shop.
  7056 | D:8      | HP: 4/96 [something (11)]
  7058 | D:8      | HP: 1/96 [something (4)]
  7790 | D:8      | Killed an unseen horror
  7982 | D:8      | Noticed Harold
  7998 | D:8      | Killed from afar by Harold

Skill      XL: |  1  2  3  4  5  6  7  8  9 10 |
---------------+-------------------------------+-----
Fighting       | 1 2 6 7 9 11 | 11.9
Dodging        | 3 |  3.0
Spellcasting   | 1 |  1.0
Armour         | 1 2 3 5 7 |  7.0
Short Blades   | | 11.9
Long Blades    | | 11.9
Axes           | | 11.9
Maces & Flails | | 11.9
Polearms       | | 11.9
Staves         | | 11.9
Stealth        | |  2.6
Unarmed Combat | | 11.9

Action                   |  1- 3 |  4- 6 |  7- 9 | 10-12 || total
-------------------------+-------+-------+-------+-------++-------
Melee: Whip              |   120 |       |       |       ||   120
       Punch             |     2 |       |       |       ||     2
       Short sword       |    19 |     6 |       |       ||    25
       Lajatang          |       |    51 |   218 |   124 ||   393
 Fire: Hunting sling     |     7 |    17 |    64 |       ||    88
Throw: Stone             |    22 |       |     5 |       ||    27
       Tomahawk          |       |       |     6 |    11 ||    17
Evoke: Wand              |       |       |     3 |     1 ||     4
  Use: Potion            |     3 |     3 |     5 |     2 ||    13
       Scroll            |     1 |       |       |       ||     1
 Stab: Sleeping          |     1 |     3 |     2 |     5 ||    11
  Eat: Chunk             |     1 |     4 |    13 |     1 ||    19
       Ration            |       |       |       |     2 ||     2
Armor: Robe              |    35 |     9 |    27 |    33 ||   104
       Ring mail         |       |       |    60 |     5 ||    65
       Skin              |       |       |     1 |       ||     1
Dodge: Dodged            |    78 |    30 |    90 |    56 ||   254
Block: Other             |       |       |       |     3 ||     3
